 Dungeon Sprint DCSS version 0.26-a0-652-gafc20e3620 (webtiles) character file.

Game seed: 17704402398548753508

3116 Conn the Thaumaturge (level 9, -4/53 HPs)
             Began as an Octopode Hedge Wizard on Oct 4, 2020.
             Was an Elder of Sif Muna.
             Shot with an arrow by a centaur warrior (30 damage)
             ... in the Dungeon (Sprint I: "Red Sonja").
             The game lasted 00:16:26 (1676 turns).

Conn the Thaumaturge (Octopode Hedge Wizard)        Turns: 1676, Time: 00:16:27

Health: -4/53      AC:  1    Str:  9    XL:     9   Next: 91%
Magic:  33/36      EV: 14    Int: 20    God:    Sif Muna [****..]
Gold:   694        SH:  0    Dex:  9    Spells: 24/37 levels left

rFire    . . .     SeeInvis .   h - +1 dagger (drain)
rCold    . . .     Faith    .   (no shield)
rNeg     . . .     Spirit   .   b - +0 hat
rPois    .         Reflect  .   (no amulet)
rElec    .         Harm     .   k - ring of magical power
rCorr    .         Rampage  .   (no ring)
MR       .....     NoTele   +   (no ring)
Stlth    ++++......             (no ring)
HPRegen  0.17/turn              (no ring)
MPRegen  0.25/turn              (no ring)
                                (no ring)
                                (no ring)

@: no status effects
A: almost no armour, stealthy swim, amphibious, 8 rings, constrict 8, camouflage
1, clumsy 1, gelatinous body 1
a: Channel Magic, Forget Spell, Divine Exegesis, Renounce Religion


You were in the Dungeon.
You worshipped Sif Muna.
Sif Muna was greatly pleased with you.
You visited 1 branch You collected 744 gold pieces.
You spent 50 gold pieces at shops.

Inventory:

Hand Weapons
 a - a +0 dagger
 h - a +1 dagger of draining (weapon)
Missiles
 j - 9 curare-tipped darts (quivered)
Armour
 b - a +0 hat (worn)
Jewellery
 k - a ring of magical power (left tentacle)
Scrolls
 f - 4 scrolls of identify {unknown}
 i - a scroll of blinking
 l - a scroll of enchant armour {unknown}
Potions
 c - a potion of lignification
 d - 3 potions of curing
 e - 2 potions of heal wounds
 g - 2 potions of magic
 m - a potion of stabbing {unknown}


   Skills:
 + Level 1.2 Fighting
 + Level 1.1 Short Blades
 + Level 4.5 Dodging
 + Level 6.4 Stealth
 * Level 14.6 Spellcasting
 * Level 7.4 Conjurations
 + Level 7.1 Summonings
 * Level 4.7 Translocations
 * Level 4.5 Fire Magic
 + Level 3.7 Air Magic
 - Level 4.1 Poison Magic
 * Level 4.7 Invocations


You had 24 spell levels left.
You knew the following spells:

 Your Spells              Type           Power        Failure   Level
a - Magic Dart            Conj           ####         1%          1
b - Blink                 Tloc           N/A          1%          2
c - Call Imp              Summ           #####...     1%          2
d - Conjure Flame         Conj/Fire      #####...     1%          3
e - Mephitic Cloud        Conj/Pois/Air  #####...     1%          3
f - Slow                  Hex            ##......     6%          2

Your spell library contained the following spells:

 Spells                   Type           Power        Failure   Level


Dungeon Overview and Level Annotations

Branches:
Dungeon (1/1)

Altars:
Cheibriados
Dithmenos
Elyvilon
Fedhas
Gozag
Hepliaklqana
Kikubaaqudgha
Nemelex Xobeh
Okawaru
Qazlal
Ru
Sif Muna
Trog
Uskayaw
Vehumet
Wu Jian
Yredelemnul
Zin
The Shining One

Shops:
D *[[*[![


Innate Abilities, Weirdness & Mutations

You cannot wear most types of armour.
You are very stealthy in the water. (Stealth+)
You are amphibious.
You can wear up to eight rings at the same time.
You can use your tentacles to constrict eight enemies at once.
Your skin changes colour to match your surroundings (Stealth+).
Your rubbery body absorbs attacks. (AC +1, EV +1)
You are clumsy. (Dex -2)


Message History

You see here an arrow.
Casting: Magic Dart (safe; 1% risk of failure)
Confirm with . or Enter, or press ? or * to list all spells.
Okay, then.
The centaur warrior wields a +0 longbow.
The centaur warrior shoots an arrow.
The arrow hits you!!
Ouch! That really hurt!
There is an open door, spattered with blood here.
You see here an arrow.
Casting: Magic Dart (safe; 1% risk of failure)
Confirm with . or Enter, or press ? or * to list all spells.
Aiming: Mephitic Cloud (safe; 1% risk of failure)
Press: ? - help, Shift-Dir - straight line, f - centaur warrior
Aim: a centaur warrior, wielding a +0 longbow and quivering 15 arrows The ball explodes into a vile cloud!
The stinking cloud engulfs the centaur warrior but does no damage.
The centaur warrior is engulfed in noxious fumes.
The centaur warrior shoots an arrow.
The arrow hits you!!
Ouch! That really hurt!
You die...

#####'#####'#
####..#...#.#### §#
#__####..##[#§≈≈§§#
#_____##'#_.+§§c.c+
#_.∩...'..._#§≈§§c
#_..__##_.#'##c###
#_____###'#.#☼.§.###
#########.####c###.##
.......'.[.'.§.☼@'(∩#
''''####...##########
.....####.###
......#.#'#.#
#.....#.....#
......#...(.#
...#..####### ......#
#.....#


You could see a centaur warrior.

Vanquished Creatures
  Sonja (D)
  A deep troll (D)
  Sigmund (D)
  A yak (D)
  An ogre (D)
  Ijyb (D)
  A ballistomycete spore (D)
7 creatures vanquished.

Vanquished Creatures (collateral kills)
  8 shining eyes (D)
  4 floating eyes (D)
  A jelly (D)
13 creatures vanquished.

Vanquished Creatures (others)
  A ballistomycete spore (D)
1 creature vanquished.

Grand Total: 21 creatures vanquished

Notes
Turn   | Place    | Note
-------+----------+-------------------------------------------
     0 | D        | Conn the Octopode Hedge Wizard began the quest for the Orb.
     0 | D        | Reached XP level 1. HP: 11/11 MP: 4/4
     2 | D        | Noticed Ijyb
    14 | D        | Killed Ijyb
    14 | D        | Reached skill level 5 in Spellcasting
    14 | D        | Reached XP level 2. HP: 9/17 MP: 3/8
    14 | D        | Reached XP level 3. HP: 12/21 MP: 3/10
   202 | D        | Learned a level 2 spell: Blink
   205 | D        | Learned a level 2 spell: Call Imp
   209 | D        | Learned a level 3 spell: Conjure Flame
   213 | D        | Learned a level 3 spell: Mephitic Cloud
   213 | D        | Noticed an ogre
   229 | D        | Killed an ogre
   229 | D        | Reached skill level 6 in Spellcasting
   229 | D        | Reached skill level 1 in Air Magic
   229 | D        | Reached skill level 1 in Poison Magic
   229 | D        | Reached XP level 4. HP: 27/27 MP: 2/12
   302 | D        | Noticed Sigmund
   311 | D        | Killed Sigmund
   311 | D        | Reached skill level 9 in Spellcasting
   311 | D        | Reached XP level 5. HP: 26/31 MP: 7/16
   311 | D        | Reached XP level 6. HP: 30/36 MP: 7/18
   390 | D        | Found an ornate altar of the Wu Jian Council.
   390 | D        | Found a shimmering blue altar of Sif Muna.
   392 | D        | Found a radiant altar of Vehumet.
   421 | D        | Became a worshipper of Sif Muna the Loreminder
   441 | D        | Found Qolob's General Store.
   441 | D        | Found an ancient bone altar of Kikubaaqudgha.
   441 | D        | Found a hazy altar of Hepliaklqana.
   441 | D        | Found a stormy altar of Qazlal.
   441 | D        | Found a hide-covered altar of Uskayaw.
   441 | D        | Found a blossoming altar of Fedhas.
   441 | D        | Found a bloodstained altar of Trog.
   441 | D        | Found an iron altar of Okawaru.
   441 | D        | Found a basalt altar of Yredelemnul.
   441 | D        | Found a glowing golden altar of the Shining One.
   441 | D        | Found a snail-covered altar of Cheibriados.
   441 | D        | Found a sacrificial altar of Ru.
   441 | D        | Found a glowing silver altar of Zin.
   441 | D        | Found a shadowy altar of Dithmenos.
   441 | D        | Found a white marble altar of Elyvilon.
   441 | D        | Noticed a yak
   462 | D        | Killed a yak
   462 | D        | Reached skill level 10 in Spellcasting
   469 | D        | Found an opulent altar of Gozag.
   470 | D        | Found a sparkling altar of Nemelex Xobeh.
   524 | D        | Noticed Sonja
   536 | D        | Killed Sonja
   536 | D        | Reached skill level 1 in Fighting
   536 | D        | Reached skill level 12 in Spellcasting
   536 | D        | Reached skill level 5 in Conjurations
   536 | D        | Reached skill level 1 in Fire Magic
   536 | D        | Reached XP level 7. HP: 12/43 MP: 14/22
   536 | D        | Reached XP level 8. HP: 14/48 MP: 15/24
   794 | D        | Found Raxap's Assorted Antiques.
   834 | D        | Learned a level 2 spell: Slow
   840 | D        | Noticed a shining eye
   840 | D        | Noticed a shining eye
   840 | D        | Noticed a shining eye
   848 | D        | Paralysed by a floating eye for 4 turns
   852 | D        | Reached * piety under Sif Muna
   858 | D        | Gained mutation: You are clumsy. (Dex -2) [a shining eye]
   916 | D        | Killed a shining eye
   916 | D        | Reached skill level 1 in Invocations
   970 | D        | Killed a shining eye
   970 | D        | Reached skill level 1 in Short Blades
  1093 | D        | Paralysed by a floating eye for 2 turns
  1097 | D        | Noticed a shining eye
  1097 | D        | Noticed a shining eye
  1097 | D        | Reached ** piety under Sif Muna
  1097 | D        | Reached skill level 13 in Spellcasting
  1097 | D        | Reached skill level 5 in Summonings
  1099 | D        | Paralysed by a floating eye for 2 turns
  1100 | D        | Noticed a shining eye
  1107 | D        | Paralysed by a floating eye for 3 turns
  1110 | D        | Noticed a shining eye
  1113 | D        | Paralysed by a floating eye for 3 turns
  1116 | D        | Noticed a shining eye
  1221 | D        | Killed a shining eye
  1247 | D        | Killed a shining eye
  1247 | D        | Reached XP level 9. HP: 53/53 MP: 26/26
  1252 | D        | Reached *** piety under Sif Muna
  1260 | D        | Killed a shining eye
  1291 | D        | Killed a shining eye
  1291 | D        | Reached skill level 14 in Spellcasting
  1334 | D        | Killed a shining eye
  1358 | D        | Killed a shining eye
  1358 | D        | Reached **** piety under Sif Muna
  1373 | D        | Found Cualaugi's Antique Armour Shop.
  1373 | D        | Found Puomagar's Antique Armour Shoppe.
  1373 | D        | Found Rydghat's Distillery.
  1373 | D        | Found Illauzom's Armour Emporium.
  1392 | D        | Bought a potion of heal wounds for 50 gold pieces
  1533 | D        | Noticed a deep troll
  1552 | D        | Killed a deep troll
  1646 | D        | Found Woh Kump's Armour Emporium.
  1670 | D        | Noticed a centaur warrior
  1671 | D        | Noticed a centaur warrior
  1676 | D        | Shot with an arrow by a centaur warrior

Illustrated notes

Levels and vault maps discovered:
D:        dungeon_sprint_1 [red_sonja_temple_1, red_sonja_temple_small_1]

Skill      XL: |  1  2  3  4  5  6  7  8  9 |
---------------+----------------------------+-----
Stealth        | 3 4 6 |  6.4
Spellcasting   | 5 6 9 12 13 14 | 14.6
Dodging        | 3 4 |  4.5
Air Magic      | 1 3 |  3.7
Poison Magic   | 1 4 |  4.1
Conjurations   | 3 5 6 7 |  7.4
Summonings     | 2 4 5 7 |  7.1
Fighting       | 1 |  1.2
Fire Magic     | 1 3 4 |  4.5
Translocations | 3 4 |  4.7
Invocations    | 3 4 |  4.7
Short Blades   | 1 |  1.1

Action                   |  1- 3 |  4- 6 |  7- 9 || total
-------------------------+-------+-------+-------++-------
Melee: Dagger            |     8 |    14 |       ||    22
       Tentacles         |     1 |     5 |       ||     6
       Constrict         |     1 |     2 |       ||     3
 Cast: Magic Dart        |     1 |     5 |    11 ||    17
       Call Imp          |     4 |     7 |    40 ||    51
       Mephitic Cloud    |       |     2 |     5 ||     7
       Conjure Flame     |       |     1 |     2 ||     3
  Use: Potion            |     3 |       |       ||     3
 Stab: Confused          |       |     1 |       ||     1
Armor: Skin              |       |     1 |       ||     1
Dodge: Dodged            |     2 |    11 |     1 ||    14

Table legend: (Time is in decaauts)
 A = Elapsed time spent in this place.
 B = Non-inter-level travel time spent in this place.
 C = Inter-level travel time spent in this place.
 D = Time resting spent in this place.
 E = Time spent auto-exploring this place.
 F = Levels seen in this place.
 G = Mean time per level.
                   A        B        C        D        E       F      G
               +--------+--------+--------+--------+--------+-----+--------+
         Total |   1677 |   1677 |      0 |    862 |      0 |   1 | 1677.0 |
       Dungeon |   1677 |   1677 |      0 |    862 |      0 |   1 | 1677.0 |
               +--------+--------+--------+--------+--------+-----+--------+

Top non-repeatable levels by time:
       D: 1677 daAuts
